 Dungeon Crawl Stone Soup version 0.31.0-11-ge490571c62 (webtiles) character file.

Game seed: 16345170337397910571

16 huskten the Gusty (level 2, -1/20 HPs)
             Began as a Draconian Air Elementalist on Feb 7, 2024.
             Slain by a ribbon worm (7 damage)
             ... on level 2 of the Dungeon.
             The game lasted 00:09:07 (591 turns).

huskten the Gusty (Draconian Air Elementalist)       Turns: 591, Time: 00:09:08

Health: -1/20      AC:  4    Str: 10    XL:     2   Next: 41%
Magic:  5/5        EV: 12    Int: 15    God:
Gold:   8          SH:  0    Dex: 11    Spells: 4/5 levels left

rFire   . . .        c - +0 dagger
rCold   . . .        (no shield)
rNeg    . . .        (body armour unavailable)
rPois   .            (helmet restricted)
rElec   .            (no cloak)
rCorr   .            (no gloves)
SInv    .            (no boots)
Will    .....        (no amulet)
Stlth   ++           (no ring)
HPRegen 0.23/turn    (no ring)
MPRegen 0.09/turn

%: no passive effects
@: mighty
A: AC +4, unfitting armour, cold-blooded
a: no special abilities


You were on level 2 of the Dungeon.
You visited 1 branch of the dungeon, and saw 2 of its levels.

You collected 8 gold pieces.

Inventory:

Hand Weapons
 c - a +0 dagger (weapon)
 f - a +0 mace
Armour
 b - a +0 leather armour
Jewellery
 g - an amulet of faith
Potions
 a - a potion of magic
 e - a potion of haste {unknown}


   Skills:
 + Level 0.3 Short Blades
 + Level 1.9 Dodging
 + Level 1.8 Stealth
 + Level 2.1 Spellcasting
 + Level 1.0 Conjurations
 + Level 3.5 Air Magic


You had 4 spell levels left.
You knew the following spells:

 Your Spells              Type           Power      Damage    Failure   Level
a - Shock                 Conj/Air       32%        1d5       9%          1

Your spell library contained the following spells:

 Spells                   Type           Power      Damage    Failure   Level
 Static Discharge         Conj/Air       16%        3-4/arc   13%         2
 Swiftness                Air            12%        N/A       16%         3
 Airstrike                Air            6%         2d(1-17)  45%         4


Dungeon Overview and Level Annotations

Branches:
Dungeon (2/15)

Altars:


Innate Abilities, Weirdness & Mutations

Your plain brown scales are hard. (AC +4)
You cannot fit into any form of body armour.
You are cold-blooded and may be slowed by cold attacks.


Message History

g - an amulet of faith
Found a stone staircase leading down.
Found 16 gold pieces.
A hobgoblin comes into view.
Found 2 stones.
The hobgoblin shouts!
You see here 16 gold pieces.
A ribbon worm comes into view.
The hobgoblin hits you.
You hit the hobgoblin.
The hobgoblin is heavily wounded.
The hobgoblin hits you but does no damage.
You closely miss the hobgoblin.
The hobgoblin is moderately wounded.
The hobgoblin misses you.
You closely miss the hobgoblin. You tail-slap the hobgoblin.
The hobgoblin is severely wounded.
The hobgoblin barely misses you.
You hit the hobgoblin.
You kill the hobgoblin!
You hit the ribbon worm but do no damage.
You hit the ribbon worm. You tail-slap the ribbon worm.
The ribbon worm is moderately wounded.
The ribbon worm expels a string of sticky webbing.
The stream of webbing hits you but does no damage.
You are caught in a web!
You are caught in a web!
You are caught in a web!
You are caught in a web!
You are caught in a web!
You struggle to detach yourself from the web.
The ribbon worm bites you.
You struggle to detach yourself from the web.
The ribbon worm bites you but does no damage.
You struggle to detach yourself from the web.
The ribbon worm bites you!
* * * LOW HITPOINT WARNING * * *
You feel very mighty all of a sudden.
The web tears apart.
The ribbon worm bites you!
You die...

###############
######..............
...##.########...>.
##.##.# #.####
.#####...#.# #.# ##
......w@.$.# #.# #.
######.(.##########.###.
##.## ........##.. #.#
#######.##.# #.# #.##..
#.# #### #..... #.#
#....##..... #.#
#........ ####.....


You could see a ribbon worm.

Vanquished Creatures
  A dart slug (D:1)
  2 ball pythons (D:2)
  2 giant cockroaches (D:1)
  3 hobgoblins
  A quokka (D:1)
  A goblin (D:2)
  3 rats
13 creatures vanquished.

Notes
Turn   | Place    | Note
-------+----------+-------------------------------------------
     0 | D:1      | huskten the Draconian Air Elementalist began the quest for
                  | the Orb.
     0 | D:1      | Reached XP level 1. HP: 14/14 MP: 3/3
   255 | D:1      | Reached XP level 2. HP: 18/20 MP: 5/5
   591 | D:2      | Slain by a ribbon worm

Illustrated notes

Levels and vault maps discovered:
D:1:      dpeg_arrival_circle_labyrinth_c, layout_basic
D:2:      layout_loops_ring, uniq_robin

Action                     || total
---------------------------++-------
  Melee: Dagger            ||    67
         Unarmed           ||    12
         Tailslap          ||     7
    Use: Scroll            ||     2
         Potion            ||     1
   Stab: Sleeping          ||     1
 Armour: Skin              ||    40
  Dodge: Dodged            ||    53
